 Dungeon Crawl Stone Soup version 0.24-a0-280-g7cec4da (webtiles) character file.

Game seed: 12270032731014517282

340363 AlmondAAA the Scorcher (level 22, -10/159 HPs)
             Began as a Human Wanderer on May 15, 2019.
             Was the Champion of Okawaru.
             Mangled by a caustic shrike (13 damage)
             ... on level 1 of the Depths.
             The game lasted 04:23:26 (68475 turns).

AlmondAAA the Scorcher (Human Wanderer)            Turns: 68475, Time: 04:23:26

Health: -10/159    AC: 17    Str: 13    XL:     22   Next: 98%
Magic:  23/40      EV: 21    Int: 28    God:    Okawaru [******]
Gold:   1067       SH: 10    Dex: 27    Spells: 1/49 levels left

rFire    + . .     SeeInvis .   O - +9 falchion (vamp)
rCold    + + .     Gourm    .   U - +3 buckler {reflect}
rNeg     . . .     Faith    .   W - +5 faerie dragon scales {*Corrode rCorr Int+5 Stlth+}
rPois    +         Spirit   .   Q - +0 hat of Nysmigir {Regen+ rCorr Str+4 Int-3 Dex+9}
rElec    .         Reflect  +   X - +2 cloak {MR+}
rCorr    +         Harm     .   k - +0 pair of gloves {Dex+3}
MR       +++..                  H - +1 pair of boots
Stlth    +++++++...             v - amulet "Asubruits" {Acrobat rC+ MR+ Int-4}
HPRegen  0.76/turn              d - ring "Biutiacy" {+Fly rPois rF+ Int+3 Stlth+}
MPRegen  0.27/turn              c - ring "Tuvu Judouf" {+Fly rC+ Str-4 Int+7 Stlth+}

@: corroded
A: no striking features
}: 2/15 runes: decaying, serpentine
a: Heroism, Finesse, Renounce Religion, Evoke Flight


You were on level 1 of the Depths.
You worshipped Okawaru.
Okawaru was exalted by your worship.
You were hungry.

You visited 9 branches of the dungeon, and saw 39 of its levels.
You visited 1 bazaar.

You collected 4896 gold pieces.
You spent 3829 gold pieces at shops.

Inventory:

Hand Weapons
 F - the +5 triple sword "Unnugic" {drain, rElec rC++ MR+ Int-2 Dex+2}
   (Okawaru gifted it to you on level 2 of the Orcish Mines)

   A truly terrible weapon, it drains the life of those it strikes.
   It affects your intelligence (-2).
   It affects your dexterity (+2).
   It greatly protects you from cold.
   It insulates you from electricity.
   It affects your resistance to hostile enchantments.
 O - a +9 vampiric falchion (weapon)
Armour
 k - a +0 pair of gloves of dexterity (worn)
 y - a +2 cloak of invisibility
 H - a +1 pair of boots (worn)
 M - the +1 ring mail of Repulsion {Str+4}
   (You found it on level 1 of the Lair of Beasts)

   It affects your strength (+4).
 Q - the +0 hat of Nysmigir (worn) {Regen+ rCorr Str+4 Int-3 Dex+9}
   (Okawaru gifted it to you on level 4 of the Lair of Beasts)

   It affects your strength (+4).
   It affects your intelligence (-3).
   It affects your dexterity (+9).
   It increases your rate of regeneration.
   It provides partial protection from all sources of acid and corrosion.
 U - a +3 buckler of reflection (worn)
 W - the +5 faerie dragon scales (worn) {*Corrode rCorr Int+5 Stlth+}
   (You found it on level 1 of the Depths)

   It affects your intelligence (+5).
   It provides partial protection from all sources of acid and corrosion.
   It may corrode you when you take damage.
   It makes you more stealthy.
 X - a +2 cloak of magic resistance (worn)
Jewellery
 c - the ring "Tuvu Judouf" (right hand) {+Fly rC+ Str-4 Int+7 Stlth+}
   (You found it on level 3 of the Swamp)

   [ring of stealth]

   It affects your strength (-4).
   It affects your intelligence (+7).
   It protects you from cold.
   It lets you fly.
   It makes you more stealthy.
 d - the ring "Biutiacy" (left hand) {+Fly rPois rF+ Int+3 Stlth+}
   (You acquired it on level 6 of the Lair of Beasts)

   [ring of intelligence]

   It affects your intelligence (+3).
   It protects you from fire.
   It protects you from poison.
   It lets you fly.
   It makes you more stealthy.
 t - a +3 ring of slaying
 v - the amulet "Asubruits" (around neck) {Acrobat rC+ MR+ Int-4}
   (You acquired it on level 14 of the Dungeon)

   [amulet of the acrobat]

   It helps you evade while moving and waiting.
   It affects your intelligence (-4).
   It protects you from cold.
   It affects your resistance to hostile enchantments.
 V - an uncursed ring of magical power
Wands
 g - a wand of digging (3)
 h - a wand of enslavement (38)
 i - a wand of iceblast (14)
 l - a wand of disintegration (10)
 p - a wand of acid (12)
 w - a wand of paralysis (15)
 D - a wand of clouds (12)
 E - a wand of random effects (19)
 J - a wand of scattershot (1)
 Y - a wand of flame (30)
Scrolls
 e - 3 scrolls of magic mapping
 j - 22 scrolls of remove curse
 m - 4 scrolls of fog
 o - 2 scrolls of enchant weapon
 q - 7 scrolls of amnesia
 u - a scroll of vulnerability
 x - 5 scrolls of teleportation
 A - a scroll of enchant armour
 B - 8 scrolls of immolation
 C - 3 scrolls of blinking
 N - 2 scrolls of brand weapon
 P - 2 scrolls of identify
Potions
 a - 2 potions of magic
 b - 5 potions of curing
 r - 5 potions of haste
 s - 5 potions of lignification
 G - 2 potions of heal wounds
 I - 5 potions of mutation
 K - a potion of resistance
 L - 9 potions of flight
 S - 5 potions of agility
 T - 2 potions of brilliance
Miscellaneous
 z - a lamp of fire
 R - a box of beasts
Comestibles
 f - 23 rations
 n - a chunk of flesh


   Skills:
 - Level 10.0 Fighting
 - Level 17.0 Long Blades
 - Level 1.1 Throwing
 - Level 12.0 Armour
 - Level 10.0 Dodging
 - Level 8.0 Stealth
 - Level 4.0 Shields
 - Level 14.0 Spellcasting
 - Level 8.0 Conjurations
 - Level 5.0 Charms
 - Level 4.0 Summonings
 - Level 7.0 Necromancy
 - Level 3.6 Translocations
 + Level 18.6 Fire Magic
 - Level 11.0 Ice Magic
 - Level 6.0 Air Magic
 - Level 5.0 Invocations
 - Level 5.0 Evocations


You had one spell level left.
You knew the following spells:

 Your Spells              Type           Power        Failure   Level  Hunger
a - Infusion              Chrm           ####         1%          1    None
b - Shroud of Golubria    Chrm/Tloc      #####.....   1%          2    None
c - Song of Slaying       Chrm           #####...     1%          2    None
d - Regeneration          Chrm/Necr      ######....   1%          3    None
e - Blink                 Tloc           N/A          1%          2    None
f - Summon Ice Beast      Ice/Summ       ######..     1%          4    None
g - Summon Butterflies    Summ           #####...     1%          1    None
h - Throw Frost           Conj/Ice       ######       1%          2    None
i - Simulacrum            Ice/Necr       ######....   13%         6    ####...
j - Freezing Cloud        Conj/Ice/Air   ######....   17%         6    ####...
k - Bolt of Cold          Conj/Ice       ######....   11%         6    ####...
l - Ignition              Fire           #######...   11%         8    #######
m - Iskenderun's Battles  Conj/Chrm      ######..     7%          5    #......

Your spell library contained the following spells:

 Spells                   Type           Power        Failure   Level  Hunger
 Apportation              Tloc           #####.       1%          1    None
 Freeze                   Ice            ####         1%          1    None
 Magic Dart               Conj           ####         1%          1    None
 Confusing Touch          Hex            ###...       3%          1    None
 Sandblast                Erth           ###...       3%          1    None
 Call Imp                 Summ           #####...     1%          2    None
 Ensorcelled Hibernation  Hex/Ice        ######       1%          2    None
 Call Canine Familiar     Summ           #####...     1%          3    None
 Conjure Flame            Conj/Fire      #######.     1%          3    None
 Mephitic Cloud           Conj/Pois/Air  #####...     1%          3    None
 Ozocubu's Armour         Chrm/Ice       ######..     1%          3    None
 Static Discharge         Conj/Air       ######..     1%          3    None
 Stone Arrow              Conj/Erth      #####.       1%          3    None
 Throw Icicle             Conj/Ice       ######..     1%          4    None
 Gell's Gravitas          Tloc           #####.....   2%          3    None
 Lesser Beckoning         Tloc           #####.....   2%          3    None
 Bolt of Magma            Conj/Fire/Erth ######....   2%          5    #......
 Spectral Weapon          Hex/Chrm       ####....     3%          3    None
 Ice Form                 Ice/Tmut       ######..     3%          4    None
 Summon Lightning Spire   Summ/Air       #####...     4%          4    None
 Passwall                 Tmut/Erth      ###.....     5%          2    None
 Slow                     Hex            ###.....     5%          2    None
 Lightning Bolt           Conj/Air       ######....   5%          5    #......
 Ozocubu's Refrigeration  Ice            ######....   6%          6    ####...
 Metabolic Englaciation   Hex/Ice        ######....   10%         5    #......
 Confuse                  Hex            ###.....     11%         3    None
 Tukima's Dance           Hex            ###.....     11%         3    None
 Venom Bolt               Conj/Pois      #####.....   19%         5    #......
 Borgnjor's Vile Clutch   Necr/Erth      #####.....   22%         5    #......
 Silence                  Hex/Air        #####.....   28%         5    #......
 Conjure Ball Lightning   Conj/Air       ######....   30%         6    ####...
 Petrify                  Tmut/Erth      ###.....     34%         4    None
 Summon Mana Viper        Hex/Summ       ####....     38%         5    #......
 Deflect Missiles         Chrm/Air       ######....   50%         6    ####...
 Alistair's Intoxication  Tmut/Pois      ###.....     67%         5    #......
 Lee's Rapid Deconstruct  Erth           ###.......   67%         5    #......
 Yara's Violent Unravell  Hex/Tmut       ###.......   67%         5    #......
 Iron Shot                Conj/Erth      #####.....   71%         6    ####...
 Poison Arrow             Conj/Pois      #####.....   71%         6    ####...
 Shadow Creatures         Summ           N/A          71%         6    ####...
 Orb of Destruction       Conj           ######....   73%         7    ######.
 Spellforged Servitor     Conj/Summ      ######....   94%         7    ######.
 Darkness                 Hex            ###.......   99%         6    ####...
 Invisibility             Hex            ###.....     99%         6    ####...
 Malign Gateway           Summ/Tloc      #####.....   99%         7    ######.
 Monstrous Menagerie      Summ           #####.....   99%         7    ######.
 Summon Greater Demon     Summ           #####.....   99%         7    ######.
 Summon Hydra             Summ           #####.....   99%         7    ######.
 Chain Lightning          Conj/Air       ######....   100%        8    #######
 Lehudib's Crystal Spear  Conj/Erth      #####.....   100%        8    #######
 Summon Horrible Things   Summ           #####.....   100%        8    #######
 Fire Storm               Conj/Fire      #######...   100%        9    #######
 Glaciate                 Conj/Ice       ######....   100%        9    #######
 Shatter                  Erth           ###.......   100%        9    #######
 Tornado                  Air            ######....   100%        9    #######


Dungeon Overview and Level Annotations

Branches:
Dungeon (15/15)            Temple (1/1) D:4            Lair (6/6) D:10
  Swamp (4/4) Lair:4        Snake (4/4) Lair:4        Slime (1/5) Lair:5
    Orc (2/2) D:9             Elf (0/3) Orc:2        Vaults (4/5) D:14
  Crypt (0/3) Vaults:3     Depths (2/5) D:15

Altars:
Ashenzari
Cheibriados
Dithmenos
Elyvilon
Fedhas
Gozag
Hepliaklqana
Kikubaaqudgha
Makhleb
Nemelex Xobeh
Okawaru
Qazlal
Ru
Sif Muna
Trog
Uskayaw
Vehumet
Wu Jian
Xom
Yredelemnul
Zin
The Shining One

Shops:
D:9 ?   D:10 }!!*}   D:13 }   D:15 (   Orc:2 }[[!(**:   Vaults:3 =

Portals:
Hell: Depths:1
Abyss: Depths:1
Pandemonium: Depths:2
Ziggurat: Depths:2
Trove: D:10 (give +5 demon blade)

Annotations:
D:2 Robin
D:8 3 runed translucent doors, Yelwes's ghost, novice DsFi
D:14 exclusion: Roxanne, Roxanne
D:15 Rupert
Lair:1 exclusion: oklob plant
Lair:6 exclusion: hydra
Swamp:2 2 transporters
Snake:1 1 runed translucent door, garrulousMonolith's ghost, adept GrEE
Snake:2 3 runed translucent doors, Donald; Elitist's ghost, adept MiFi; Saint Roka; Vorouf's ghost, adept DsBe; Voshavvir's ghost, adept MiBe
Depths:2 Asterion


Message History

Casting: Blink (safe; 1% risk of failure)
Confirm with . or Enter, or press ? or * to list all spells.
A chill wind blows around you.
Casting: Summon Ice Beast (safe; 1% risk of failure)
Confirm with . or Enter, or press ? or * to list all spells.
A chill wind blows around you. The caustic shrike claws you!!
The acid corrodes you!
You are splashed with acid.
You resist. The caustic shrike claws you!!
* * * LOW HITPOINT WARNING * * *
You are splashed with acid.
You resist.
* * * LOW HITPOINT WARNING * * *
Casting: Summon Ice Beast (safe; 1% risk of failure)
Confirm with . or Enter, or press ? or * to list all spells.
You blink.
The caustic shrike claws you!!
* * * LOW HITPOINT WARNING * * *
You are splashed with acid.
You resist.
* * * LOW HITPOINT WARNING * * *
The caustic shrike claws you but does no damage.
You block the caustic shrike's attack. The caustic shrike claws you!
You die...

,,,,,,,,,,,...........## #..###.
,,,,,,,,,,,.........### ##..##..
,,,,,,,,,,,........## #.......
,,,,,,,,,,,....)...# ##......
,,,,,,,,,,,##....).## ######..[[
,,,,,,.....#........## #.......>.
,,,,,,.........##Y...# ##......[.
,,,,,,...#.....##.ยง..###.........
,,,,,**#.......#@bY#.............
,,,,** *#....##..b##.............
,,,,**####...##..##..............
,,,,,##...[..#...................
,,,,,......)[[......#......(.....
,,,,**#...##>)......#............
,,,,* #*,,*#####.................
,,,,******,** #####.............
,,,,,,,,***,* ##............


You could see 2 caustic shrikes and 2 friendly ice beasts.

Vanquished Creatures
  Nikola (Depths:1)
  A bone dragon (Vaults:3)
  Jorgrun (Orc:2)
  A tentacled monstrosity (Swamp:4)
  2 liches
  A thorn hunter (Swamp:2)
  Kirke (D:12)
  8 nagarajas
  A fire giant (Depths:1)
  2 frost giants
  An orc warlord (Orc:2)
  7 vault wardens
  2 deep elf sorcerers (Vaults:4)
  Louise (Swamp:3)
  4 spriggan defenders
  4 ironheart preservers
  11 very ugly things
  An entropy weaver (Vaults:1)
  A deep elf demonologist (Vaults:4)
  5 stone giants
  A dire elephant (Lair:1)
  7 fire dragons
  An ettin (Depths:1)
  A crystal guardian (Vaults:1)
  Josephine (D:14)
  A green death (Swamp:4)
  11 yaktaur captains
  5 great orbs of eyes
  7 ice dragons
  8 vault guards
  A monstrous demonspawn (Depths:2)
  4 hydras
  3 rakshasas
  7 centaur warriors
  16 naga warriors
  A ghost crab (Swamp:2)
  4 spriggan air magi
  A catoblepas (D:14)
  6 anacondas
  2 death knights
  37 two-headed ogres
  2 tengu warriors (D:13)
  15 alligators
  2 death yaks (Lair:2)
  6 ogre magi
  3 deep troll earth magi (Depths:1)
  2 deep troll shamans
  4 orc high priests
  16 naga sharpshooters
  4 thrashing horrors (Swamp:4)
  2 shock serpents
  A deep elf knight (D:14)
  A sun demon (Depths:2)
  A spriggan berserker (D:15)
  2 iron trolls (Depths:1)
  2 salamander mystics
  19 deep trolls
  2 sea snakes (Snake:2)
  7 swamp dragons
  4 naga ritualists
  A spriggan druid (Swamp:3)
  2 skeletal warriors (Vaults:3)
  2 wizards
  2 glowing orange brains
  A lindwurm (Lair:6)
  13 ironbrand convokers
  2 deep elf archers
  11 harpies
  40 ugly things
  7 mana vipers
  2 necromancers
  9 orc knights
  7 orc sorcerers
  4 wolf spiders
  A tengu skeleton (Depths:1)
  8 deep elf magi
  13 salamanders
  5 cyclopes
  A manticore (D:13)
  9 elephants
  A guardian serpent (Snake:2)
  30 slime creatures
  6 vault sentinels
  A rust devil (Depths:2)
  30 black mambas
  27 naga magi
  6 torpor snails
  A smoke demon (Depths:2)
  A guardian serpent (shapeshifter) (Vaults:1)
  13 spiny frogs
  A hellion (Depths:2)
  43 yaktaurs
  3 gargoyles (D:14)
  3 rime drakes
  A komodo dragon (shapeshifter) (Vaults:1)
  A tengu conjurer (D:15)
  8 komodo dragons
  2 hellwings
  6 freezing wraiths
  A jumping spider (Vaults:4)
  12 tyrant leeches
  12 trolls
  6 meliai
  A meliai (shapeshifter) (Vaults:2)
  A polar bear (shapeshifter) (Vaults:3)
  10 blink frogs
  5 polar bears (Lair:4)
  7 dream sheep
  15 hornets
  8 hippogriffs
  7 bog bodies
  10 shadows
  A water elemental (Depths:1)
  A fire dragon skeleton (Depths:1)
  39 yaks
  4 wraiths
  An ettin skeleton (Depths:1)
  A human (D:7)
  3 redbacks (Vaults:4)
  4 spriggans
  3 wyverns
  4 basilisks
  A basilisk (shapeshifter) (D:13)
  3 fire elementals
  2 steam dragons (Lair:6)
  A human simulacrum (Vaults:1)
  5 hogs
  16 vampire mosquitoes
  A hungry ghost (D:11)
  14 swamp worms
  4 soldier ants
  8 wargs
  47 nagas
  3 acid dragons
  A hydra simulacrum (Depths:2)
  11 insubstantial wisps
  37 water moccasins
  2 hell hounds (Depths:1)
  10 porcupines
  4 black bears
  5 sky beasts
  A black bear (shapeshifter) (Vaults:2)
  12 swamp drakes
  2 necrophages
  35 orc warriors
  An eye of draining (D:13)
  An ice beast (D:10)
  An eye of draining (shapeshifter) (Vaults:3)
  6 boggarts
  10 centaurs
  23 ogres
  9 wolves
  2 ogres (shapeshifter) (Vaults:1)
  9 crocodiles
  3 big kobolds
  13 bullfrogs
  2 wyvern zombies
  2 scorpions
  A wyvern skeleton (D:11)
  5 killer bees (D:12)
  3 electric eels
  3 wights (D:6)
  4 howler monkeys
  A centaur zombie (D:8)
  2 bullfrog zombies
  9 crimson imps
  A quasit (Depths:2)
  6 hounds
  8 jellies
  19 orc priests
  4 centaur skeletons
  5 iguanas
  23 orc wizards
  25 worker ants
  A killer bee zombie (D:6)
  3 hound skeletons
  4 gnolls (D:6)
  22 adders
  6 shadow imps
  2 white imps (Depths:2)
  5 oozes
  2 adder skeletons
  A worm (D:6)
  2 dart slugs
  11 leopard geckos
  83 orcs
  8 giant cockroaches
  9 goblins
  6 hobgoblins
  15 jackals
  4 quokkas
  3 ball pythons
  5 bats
  15 kobolds
  9 rats
  A fungus (Lair:6)
  2 plants
1401 creatures vanquished.

Vanquished Creatures (collateral kills)
  A thorn hunter (Swamp:3)
  3 nagarajas
  2 vault wardens
  A spriggan defender (D:15)
  3 very ugly things
  An entropy weaver (Vaults:4)
  An ironheart preserver (Vaults:2)
  4 stone giants
  A deep elf demonologist (Vaults:4)
  A dire elephant (Lair:1)
  A fire dragon (Vaults:2)
  A green death (Swamp:4)
  A great orb of eyes (Vaults:4)
  4 ogre magi (Vaults:2)
  2 rakshasas (Vaults:2)
  A vault guard (Vaults:1)
  Harold (Lair:2)
  8 hydras
  11 two-headed ogres
  2 tengu warriors
  2 deep troll earth magi
  A queen ant (Lair:2)
  3 death yaks (Lair:3)
  An alligator (Swamp:1)
  2 naga sharpshooters
  A salamander mystic (Snake:2)
  An unseen horror (D:15)
  A flayed ghost (Vaults:3)
  A deep troll (Depths:1)
  A naga ritualist (Snake:4)
  A deep elf archer (Vaults:2)
  An orc knight (Vaults:2)
  An ironbrand convoker (Vaults:4)
  4 swamp dragons
  A wizard (Vaults:2)
  A harpy (Vaults:4)
  A salamander (Snake:2)
  5 elephants
  7 ugly things
  4 vault sentinels
  A smoke demon (Depths:1)
  A torpor snail (Lair:6)
  2 spiny frogs
  3 freezing wraiths
  4 yaktaurs
  A komodo dragon (Lair:2)
  A tyrant leech (Swamp:2)
  4 slime creatures
  A dream sheep (Lair:6)
  2 hippogriffs
  2 bog bodies (Swamp:4)
  2 spriggans
  2 yaks (Lair:5)
  A swamp worm (Swamp:4)
  A naga (Snake:4)
  A soldier ant (Lair:2)
  A water moccasin (shapeshifter) (Vaults:2)
  4 water moccasins
  An orc warrior (Vaults:2)
  5 ogres
  2 wolves (Lair:3)
  A crocodile (Lair:4)
  A bullfrog (Lair:4)
  An orc priest (Orc:1)
  4 worker ants (Lair:2)
  3 adders (Lair:4)
  4 orcs
  A fungus (Lair:4)
147 creatures vanquished.

Vanquished Creatures (others)
  the Enchantress (Depths:1)
  An ogre mage (Depths:1)
  A naga sharpshooter (Snake:4)
  A deep troll (Depths:1)
  A swamp dragon (Swamp:3)
  A cyclops (Orc:2)
  A rime drake (Lair:6)
  2 yaktaurs
  4 water elementals (Depths:2)
  A spriggan (Depths:1)
  A naga (Snake:4)
  6 hydra simulacra (Depths:2)
  An ogre (Vaults:1)
  An orc priest (Snake:3)
  An ufetubus (Depths:2)
  22 fungi
  31 plants
  12 toadstools (Lair:1)
89 creatures vanquished.

Grand Total: 1637 creatures vanquished

Notes
Turn   | Place    | Note
-------+----------+-------------------------------------------
     0 | D:1      | AlmondAAA the Human Wanderer began the quest for the Orb.
     0 | D:1      | AlmondAAA set off with the following items: a +0 short
                  | sword, 2 throwing nets, a +0 leather armour, a +0 falchion,
                  | a +0 dagger, a ration
     0 | D:1      | Reached XP level 1. HP: 18/18 MP: 1/1
    49 | D:1      | Reached XP level 2. HP: 14/24 MP: 2/2
   452 | D:1      | Reached XP level 3. HP: 28/29 MP: 3/3
  1665 | D:2      | Found a shattered altar of Ashenzari.
  1712 | D:2      | Noticed Robin
  1732 | D:2      | Reached XP level 4. HP: 35/35 MP: 4/4
  2704 | D:3      | Reached XP level 5. HP: 11/41 MP: 5/5
  3136 | D:3      | Reached skill level 5 in Long Blades
  4263 | D:4      | Reached XP level 6. HP: 35/47 MP: 6/6
  4572 | D:4      | Found a staircase to the Ecumenical Temple.
  4585 | Temple   | Entered the Ecumenical Temple
  4777 | Temple   | Became a worshipper of Warmaster Okawaru
  4982 | D:4      | Reached XP level 7. HP: 51/54 MP: 7/7
  5383 | D:5      | Entered Level 5 of the Dungeon
  5419 | D:5      | Reached * piety under Okawaru
  5645 | D:5      | Reached skill level 5 in Fighting
  5649 | D:5      | Reached XP level 8. HP: 44/62 MP: 8/8
  5785 | D:5      | Found a shattered altar of Ashenzari.
  6230 | D:5      | Reached skill level 5 in Stealth
  6302 | D:6      | Reached skill level 5 in Dodging
  6315 | D:6      | Learned a level 1 spell: Infusion
  6318 | D:6      | Learned a level 2 spell: Shroud of Golubria
  6321 | D:6      | Learned a level 2 spell: Song of Slaying
  6377 | D:6      | Reached ** piety under Okawaru
  6451 | D:6      | Reached skill level 1 in Charms
  6595 | D:6      | Reached skill level 1 in Spellcasting
  6595 | D:6      | Reached skill level 1 in Translocations
  6617 | D:6      | Reached XP level 9. HP: 58/69 MP: 8/10
  8065 | D:7      | Found a glowing silver altar of Zin.
  8698 | D:7      | Found a bloodstained altar of Trog.
  8795 | D:7      | Reached *** piety under Okawaru
  8815 | D:7      | Reached XP level 10. HP: 29/79 MP: 3/14
  9270 | D:7      | Found a burning altar of Makhleb.
  9364 | D:7      | Found a deep blue altar of Sif Muna.
  9410 | D:7      | Learned a level 3 spell: Regeneration
  9586 | D:7      | Reached skill level 1 in Necromancy
  9983 | D:8      | Learned a level 3 spell: Ozocubu's Armour
  9988 | D:8      | Learned a level 4 spell: Summon Ice Beast
 10132 | D:8      | Reached **** piety under Okawaru
 10145 | D:8      | Found an opulent altar of Gozag.
 10343 | D:8      | Found a runed translucent gate.
 10344 | D:8      | Found a runed translucent gate.
 10345 | D:8      | Found a runed translucent gate.
 10347 | D:8      | Noticed Yelwes's ghost (novice DsFi)
 10347 | D:8      | Noticed a kobold demonologist
 10495 | D:8      | Learned a level 1 spell: Summon Butterflies
 10731 | D:9      | Found Noudgh's Magic Scroll Boutique.
 10734 | D:9      | Bought a scroll of identify for 30 gold pieces
 10734 | D:9      | Bought a scroll of blinking for 112 gold pieces
 10734 | D:9      | Bought a scroll of magic mapping for 52 gold pieces
 10734 | D:9      | Bought a scroll of identify for 30 gold pieces
 10796 | D:9      | Reached skill level 1 in Summonings
 10796 | D:9      | Reached skill level 1 in Ice Magic
 10979 | D:9      | Got a twisted long sword
 11021 | D:9      | Found a staircase to the Orcish Mines.
 11372 | D:9      | Got an ivory hand axe
 11677 | D:10     | Entered Level 10 of the Dungeon
 11677 | D:10     | Found an iron altar of Okawaru.
 11716 | D:10     | Found Denkizem's Gadget Boutique.
 11755 | D:10     | Found Teus's Distillery.
 11763 | D:10     | Bought a potion of brilliance for 48 gold pieces
 11763 | D:10     | Bought a potion of curing for 36 gold pieces
 11763 | D:10     | Bought a potion of might for 48 gold pieces
 11802 | D:10     | Reached ***** piety under Okawaru
 11802 | D:10     | Reached XP level 11. HP: 77/84 MP: 13/17
 11819 | D:10     | Reached skill level 5 in Charms
 11865 | D:10     | Noticed a two-headed ogre
 12177 | D:10     | Found Miceekh's Assorted Antiques.
 12185 | D:10     | Bought a scroll of identify for 52 gold pieces
 12235 | D:10     | Found a portal to a secret trove of treasure.
 12290 | D:10     | Found Icluf's Distillery.
 12303 | D:10     | Killed a two-headed ogre
 12303 | D:10     | Received a gift from Okawaru
 12361 | D:10     | Bought a potion of agility for 48 gold pieces
 12368 | D:10     | Bought a paperback book for 390 gold pieces
 12397 | D:10     | Found a staircase to the Lair.
 12510 | D:10     | Found Ytruax Jyda's Gadget Boutique.
 13154 | D:11     | Noticed a cyan ugly thing
 13158 | D:11     | Noticed a deep elf mage
 13635 | D:10     | Killed a cyan ugly thing
 13813 | D:10     | Killed a deep elf mage
 14160 | D:11     | Identified the +5 long sword "Xuent" {freeze, Int+3} (You
                  | found it on level 9 of the Dungeon)
 14236 | D:11     | Noticed a two-headed ogre
 14737 | D:11     | Noticed a four-headed hydra
 14822 | D:11     | Noticed an alligator
 14822 | D:11     | a five-headed hydra changed into an alligator
 14834 | D:11     | Killed an alligator
 14834 | D:11     | Reached skill level 5 in Spellcasting
 14898 | D:11     | Killed a two-headed ogre
 14898 | D:11     | Reached XP level 12. HP: 91/91 MP: 6/19
 14948 | D:11     | Noticed a two-headed ogre
 15066 | D:11     | Killed a two-headed ogre
 15401 | Lair:1   | Entered Level 1 of the Lair of Beasts
 15402 | Lair:1   | Found a gate leading to a gauntlet.
 15876 | Lair:1   | You fall through a shaft!
 15911 | Lair:2   | Learned a level 2 spell: Throw Frost
 15930 | Lair:2   | Reached skill level 5 in Ice Magic
 15960 | Lair:2   | Noticed a queen ant
 16018 | Lair:2   | Reached skill level 1 in Shields
 16375 | Lair:1   | Reached skill level 1 in Conjurations
 16389 | Lair:1   | Learned a level 2 spell: Blink
 16558 | Lair:1   | Got an encrusted ring mail
 16569 | Lair:1   | Identified the cursed +1 ring mail of Repulsion {Str+4}
                  | (You found it on level 1 of the Lair of Beasts)
 16680 | Lair:1   | Noticed a dire elephant
 16680 | Lair:1   | Noticed a dire elephant
 16706 | Lair:1   | Found a runed translucent door.
 16869 | Lair:2   | Received a gift from Okawaru
 16873 | Lair:2   | Reached skill level 5 in Armour
 16933 | Lair:2   | Reached ****** piety under Okawaru
 17172 | Lair:2   | Noticed Harold
 17268 | Lair:2   | Killed Harold
 17274 | Lair:2   | Identified the cursed +3 hand axe of Udiapn {chop, rF- rC++
                  | MR+ Str+4} (You found it on level 9 of the Dungeon)
 17669 | Lair:2   | Killed a queen ant
 18974 | Lair:3   | Noticed a five-headed hydra
 19070 | Lair:3   | Was placed under penance by Okawaru
 19070 | Lair:3   | Killed a six-headed hydra
 19070 | Lair:3   | Reached skill level 1 in Throwing
 19214 | Lair:2   | Was forgiven by Okawaru
 19368 | Lair:3   | Noticed a death yak
 19369 | Lair:3   | Noticed a death yak
 19376 | Lair:3   | Noticed a death yak
 19376 | Lair:3   | Noticed a death yak
 19514 | Lair:2   | Killed a death yak
 19514 | Lair:2   | Reached XP level 13. HP: 95/96 MP: 1/22
 20296 | Lair:1   | Killed a dire elephant
 20296 | Lair:1   | Reached skill level 1 in Invocations
 20482 | Lair:1   | Killed a dire elephant
 20952 | Lair:3   | Received a gift from Okawaru
 20966 | Lair:3   | HP: 3/96 [death yak (13)]
 21604 | Lair:3   | Reached skill level 1 in Evocations
 22028 | Lair:3   | Reached skill level 10 in Long Blades
 22279 | Lair:4   | Found a staircase to the Snake Pit.
 22956 | Lair:4   | Reached XP level 14. HP: 67/105 MP: 10/25
 23094 | Lair:4   | Received a gift from Okawaru
 23126 | Lair:4   | Got a polished hat {god gift}
 23137 | Lair:4   | Identified the +0 hat of Nysmigir {Regen+ rCorr Str+4 Int-3
                  | Dex+9} (Okawaru gifted it to you on level 4 of the Lair of
                  | Beasts)
 23558 | Lair:4   | Found a staircase to the Swamp.
 24628 | Lair:5   | Reached skill level 5 in Necromancy
 25101 | Lair:5   | Found a staircase to the Slime Pits.
 25546 | Slime:1  | Entered Level 1 of the Pits of Slime
 25564 | Lair:6   | Entered Level 6 of the Lair of Beasts
 25658 | Lair:6   | Was placed under penance by Okawaru
 26201 | Lair:6   | Was forgiven by Okawaru
 26654 | Lair:6   | HP: 5/105 [poisoned by a swamp dragon (blast of poison)]
 26664 | Lair:6   | Received a gift from Okawaru
 27285 | Lair:6   | Reached skill level 10 in Spellcasting
 27347 | Lair:6   | Received a gift from Okawaru
 27370 | Lair:6   | Reached XP level 15. HP: 103/110 MP: 25/29
 27390 | Lair:6   | Learned a level 6 spell: Simulacrum
 27397 | Lair:6   | Learned a level 6 spell: Freezing Cloud
 27692 | Lair:6   | Found a runed translucent door.
 28067 | Lair:6   | Identified a scroll of acquirement
 28069 | Lair:6   | Got a warped platinum ring
 28071 | Lair:6   | Identified the ring "Biutiacy" {+Fly rPois rF+ Int+3
                  | Stlth+} (You acquired it on level 6 of the Lair of Beasts)
 28495 | Orc:1    | Entered Level 1 of the Orcish Mines
 28958 | Orc:2    | Entered Level 2 of the Orcish Mines
 28958 | Orc:2    | Found Nen Vaup's General Store.
 28958 | Orc:2    | Found Fyithriw's General Store.
 29157 | Orc:2    | Noticed Jorgrun
 29189 | Orc:2    | Killed Jorgrun
 29326 | Orc:2    | Bought a scroll of enchant weapon for 127 gold pieces
 29358 | Orc:2    | Noticed an orc warlord
 29386 | Orc:2    | Reached skill level 5 in Conjurations
 29412 | Orc:2    | Received a gift from Okawaru
 29435 | Orc:2    | Reached skill level 5 in Invocations
 29448 | Orc:2    | Found Madgh's Antique Armour Shop.
 29685 | Orc:2    | Got a polished triple sword {god gift}
 29699 | Orc:2    | Found Figooh's Antique Armour Shop.
 29708 | Orc:2    | Paralysed by an orc sorcerer for 3 turns
 29852 | Orc:1    | Paralysed by an orc sorcerer for 6 turns
 29939 | Orc:2    | Reached skill level 10 in Ice Magic
 29987 | Orc:2    | Bought a glowing cloak for 292 gold pieces
 30115 | Orc:2    | Found Tyebbof's Gadget Boutique.
 30205 | Orc:2    | Killed an orc warlord
 30370 | Orc:2    | Found Kiha's Book Shop.
 30378 | Orc:2    | Bought a book of the Tempests for 1120 gold pieces
 30383 | Orc:2    | Found Noesmor's Antique Weapon Shop.
 30403 | Orc:2    | Bought an ichor-stained trident for 161 gold pieces
 30485 | Orc:2    | Found Doutomon's Distillery.
 30493 | Orc:2    | Bought a potion of resistance for 140 gold pieces
 30519 | Orc:2    | Found a staircase to the Elven Halls.
 30796 | D:12     | Noticed Kirke
 30957 | D:12     | Noticed a sphinx
 30969 | D:12     | Killed Kirke
 30969 | D:12     | Received a gift from Okawaru
 32054 | D:12     | Identified the +5 triple sword "Unnugic" {drain, rElec rC++
                  | MR+ Int-2 Dex+2} (Okawaru gifted it to you on level 2 of
                  | the Orcish Mines)
 32062 | D:12     | Learned a level 6 spell: Bolt of Cold
 32305 | D:13     | Reached skill level 1 in Air Magic
 32523 | D:13     | Reached XP level 16. HP: 102/117 MP: 21/32
 32869 | D:13     | Found Vepadip's Gadget Shoppe.
 32872 | D:13     | Bought a wand of clouds (3) for 252 gold pieces
 33204 | D:14     | Found a shadowy altar of Dithmenos.
 33397 | D:14     | Found a gate to the Vaults.
 33695 | D:14     | Identified Roxanne's Guide on the Mountains
 33695 | D:14     | Noticed Roxanne
 33742 | D:14     | Noticed Josephine
 33783 | D:14     | Killed Josephine
 33918 | D:14     | Got a twitching diamond amulet
 33919 | D:14     | Identified the amulet "Asubruits" {Acrobat rC+ MR+ Int-4}
                  | (You acquired it on level 14 of the Dungeon)
 34207 | D:15     | Entered Level 15 of the Dungeon
 34253 | D:15     | Found Erotaute's Weapon Emporium.
 34823 | D:15     | Reached skill level 5 in Evocations
 34915 | D:15     | Noticed Rupert
 34991 | D:15     | Found a staircase to the Depths.
 35273 | D:10     | Bought a potion of heal wounds for 60 gold pieces
 35273 | D:10     | Bought a potion of haste for 120 gold pieces
 35273 | D:10     | Bought a potion of might for 48 gold pieces
 35273 | D:10     | Bought a potion of cancellation for 96 gold pieces
 35368 | Snake:1  | Entered Level 1 of the Snake Pit
 35435 | Snake:1  | Found a runed translucent door.
 35435 | Snake:1  | Noticed garrulousMonolith's ghost (adept GrEE)
 35784 | Snake:1  | Reached skill level 5 in Air Magic
 36237 | Snake:1  | Received a gift from Okawaru
 37352 | Snake:2  | Reached XP level 17. HP: 121/122 MP: 10/34
 37602 | Snake:2  | Found a runed translucent gate.
 37602 | Snake:2  | Found a runed translucent gate.
 37603 | Snake:2  | Found a runed translucent gate.
 37604 | Snake:2  | Noticed Voshavvir's ghost (adept MiBe)
 37604 | Snake:2  | Noticed Vorouf's ghost (adept DsBe)
 37604 | Snake:2  | Noticed Elitist's ghost (adept MiFi)
 37795 | Snake:2  | Learned a level 8 spell: Ignition
 37860 | Snake:2  | Reached skill level 1 in Fire Magic
 37960 | Snake:2  | Noticed Donald
 38806 | Snake:3  | Reached skill level 2 in Fire Magic
 38828 | Snake:2  | HP: 4/123 [naga warrior/+1 battleaxe of venom (13)]
 38833 | Snake:2  | HP: 4/123 [poisoned by a naga warrior]
 38838 | Snake:2  | HP: 6/123 [poisoned by a naga warrior]
 39338 | Snake:2  | Received a gift from Okawaru
 39750 | Snake:3  | Reached skill level 3 in Fire Magic
 39784 | Snake:3  | Noticed Saint Roka
 39936 | Snake:3  | HP: 3/124 [Saint Roka/divine providence (8)]
 39942 | Snake:2  | HP: 6/124 [poisoned by a nagaraja (poison arrow)]
 40169 | Snake:2  | HP: 1/124 [Saint Roka/divine providence (15)]
 41750 | Snake:4  | Entered Level 4 of the Snake Pit
 41899 | Snake:4  | Found a deep blue altar of Sif Muna.
 42324 | Snake:4  | Reached skill level 4 in Fire Magic
 42698 | Snake:4  | Reached XP level 18. HP: 119/132 MP: 36/36
 42821 | Snake:4  | Received a gift from Okawaru
 43648 | Snake:4  | Reached skill level 5 in Fire Magic
 44134 | Snake:4  | Got a serpentine rune of Zot
 44389 | Snake:4  | Received a gift from Okawaru
 44589 | Swamp:1  | Entered Level 1 of the Swamp
 44652 | Swamp:1  | Reached skill level 10 in Fighting
 44731 | Swamp:1  | Reached skill level 10 in Dodging
 44807 | Swamp:1  | Reached skill level 15 in Long Blades
 44810 | Swamp:1  | Reached skill level 6 in Fire Magic
 45709 | Swamp:2  | Found a transporter.
 46028 | Swamp:2  | Reached skill level 7 in Fire Magic
 46291 | Swamp:2  | Found a transporter.
 46551 | Swamp:2  | Reached XP level 19. HP: 35/140 MP: 32/37
 47020 | Swamp:3  | Noticed Louise
 47048 | Swamp:3  | Received a gift from Okawaru
 47066 | Swamp:3  | Killed Louise
 47066 | Swamp:3  | Reached skill level 8 in Fire Magic
 47093 | Swamp:3  | Identified the +7 hunting sling "Kaucigg" {venom, +Inv
                  | rPois Str-2 Dex+5} (Okawaru gifted it to you on level 3 of
                  | the Swamp)
 47112 | Swamp:3  | Identified the ring "Tuvu Judouf" {+Fly rC+ Str-4 Int+7
                  | Stlth+} (You found it on level 3 of the Swamp)
 47843 | Swamp:4  | Entered Level 4 of the Swamp
 48463 | Swamp:4  | Received a gift from Okawaru
 48463 | Swamp:4  | Reached skill level 9 in Fire Magic
 48727 | Swamp:4  | Noticed a tentacled monstrosity
 48932 | Swamp:4  | Killed a tentacled monstrosity
 49075 | Swamp:4  | Reached skill level 10 in Fire Magic
 49554 | Swamp:4  | Got a decaying rune of Zot
 50441 | Depths:1 | Entered Level 1 of the Depths
 50932 | Depths:1 | Identified the +5 faerie dragon scales {*Corrode rCorr
                  | Int+5 Stlth+}
 50932 | Depths:1 | Noticed the Enchantress
 50970 | Depths:1 | Found a gateway to Hell.
 51128 | Depths:1 | Reached skill level 11 in Fire Magic
 51208 | Depths:1 | Found a one-way gate to the infinite horrors of the Abyss.
 51565 | Depths:1 | Killed the Enchantress
 51832 | Depths:1 | Received a gift from Okawaru
 51837 | Depths:1 | Identified the +0 scale mail of Modesty {Regen+ Str+4
                  | Int-4} (Okawaru gifted it to you on level 1 of the Depths)
 52194 | D:15     | Reached skill level 12 in Fire Magic
 52859 | Vaults:1 | Entered Level 1 of the Vaults
 53221 | Vaults:1 | Reached XP level 20. HP: 100/147 MP: 0/38
 54198 | Vaults:1 | Reached skill level 13 in Fire Magic
 54759 | Vaults:1 | Identified the +4 arbalest of Ruination {velocity, Int+10}
                  | (You found it on level 1 of the Vaults)
 55681 | Vaults:2 | Received a gift from Okawaru
 55867 | Vaults:2 | Reached skill level 14 in Fire Magic
 56519 | Vaults:2 | Reached XP level 21. HP: 144/152 MP: 37/39
 56525 | Vaults:2 | Reached skill level 15 in Fire Magic
 56694 | Vaults:2 | Identified the +1 crystal plate armour "Oqiwetre" {Int+2}
                  | (Okawaru gifted it to you on level 2 of the Vaults)
 57694 | Vaults:3 | Received a gift from Okawaru
 58961 | Vaults:3 | Received a gift from Okawaru
 59032 | Vaults:3 | Got a pair of faintly humming gloves {god gift}
 59043 | Vaults:3 | Identified the +0 pair of gloves "Woblewu" {rCorr MP+9
                  | Str-2 Dex-3} (Okawaru gifted it to you on level 3 of the
                  | Vaults)
 59250 | Vaults:3 | Reached skill level 16 in Fire Magic
 59548 | Vaults:3 | Noticed a bone dragon
 59550 | Vaults:3 | Found a staircase to the Crypt.
 59871 | Vaults:3 | Killed a bone dragon
 59871 | Vaults:3 | Reached skill level 10 in Armour
 60247 | Vaults:3 | Found Vatir's Jewellery Shoppe.
 60518 | Vaults:4 | Found a flickering gateway to a bazaar.
 60541 | Bazaar   | Entered a bazaar
 60575 | Bazaar   | Found Wasimoll's Book Boutique.
 60575 | Bazaar   | Found Kitt's Gadget Shop.
 60606 | Bazaar   | Found Oleemao's Antique Armour Shop.
 60606 | Bazaar   | Found Suvuhuoss's Armour Boutique.
 60621 | Bazaar   | Bought a twisted scale mail for 162 gold pieces
 60633 | Bazaar   | Identified the +4 scale mail of Hutwaref {rF+ rN+ Dex+4}
                  | (You bought it in a shop in a bazaar)
 60655 | Bazaar   | Bought a book of Power for 405 gold pieces
 61593 | Vaults:4 | Received a gift from Okawaru
 61615 | Vaults:4 | Reached XP level 22. HP: 145/158 MP: 25/40
 62447 | Vaults:4 | Reached skill level 17 in Fire Magic
 63371 | Vaults:4 | Learned a level 5 spell: Iskenderun's Battlesphere
 63780 | Vaults:4 | Received a gift from Okawaru
 65090 | Depths:2 | Noticed Asterion
 65090 | Depths:2 | Noticed Nikola
 67099 | Depths:1 | Reached skill level 18 in Fire Magic
 67199 | Depths:2 | Identified the cursed +0 quarterstaff "Yroffukk" {freeze,
                  | rElec rF+ rN+ Int+3} (You found it on level 2 of the
                  | Depths)
 67529 | Depths:1 | Found a one-way gate to the infinite horrors of the Abyss.
 67622 | Depths:1 | Killed Nikola
 68215 | Depths:2 | Found a one-way gate leading to the halls of Pandemonium.
 68446 | Depths:2 | Found a gateway to a ziggurat.
 68446 | Depths:2 | Noticed a caustic shrike
 68447 | Depths:2 | Noticed a caustic shrike
 68449 | Depths:2 | Noticed a caustic shrike
 68455 | Depths:2 | Noticed a caustic shrike
 68475 | Depths:1 | HP: 3/159 [acid (5)]
 68475 | Depths:1 | Mangled by a caustic shrike

Levels and vault maps discovered:
D:1:      erik_arrival_gehennom, layout_basic
D:2:      layout_loops_cross, nicolae_overflow_hidden_temple, uniq_robin
D:3:      layout_loops_ring, first_ration, minmay_hedge_maze
D:4:      layout_gridville, minmay_temple_entry_junction
D:5:      layout_basic, chequers_serial_rivers_micro_b, ashenzari_altar_1
D:6:      nicolae_whirlpool, layout_loops_ring
D:7:      minmay_inner_zag, layout_basic, makhleb_grotto_becter,
          overflow_temple_1_default, old_standard_altar, basic_altar,
          grunt_livestock, minmay_starry_boxes
D:8:      layout_basic, gammafunk_ghost_nasty_kobolds, grunt_gozag_breadcrumbs
D:9:      layout_basic, orc_0_dummy, serial_shops, shop_fountains,
          kennysheep_generic_room_15
D:10:     layout_roguey, erik_lair_orcish_takeover, basic_altar, enter_trove_6,
          serial_shops, nicolae_shop_trees, kennysheep_mini_moat,
          nicolae_shop_stone, shop, nicolae_shop_stone
D:11:     layout_cross, serial_rivers, chequers_serial_rivers_micro_c,
          chequers_serial_rivers_micro_c, chequers_serial_rivers_small_3,
          chequers_serial_rivers_micro_e, chequers_serial_rivers_room_a,
          chequers_serial_rivers_micro_b, minmay_misc_feat_chi
D:12:     layout_basic, serial_curves, eino_curves_03, eino_curves_03,
          item_on_display_a, uniq_kirke
D:13:     layout_gridville, serial_shops, nicolae_shop_behind_doors
D:14:     layout_gridville, david_vaults_2, grunt_dithmenos_smoke_and_mirrors,
          lightli_fourway_metalbox, uniq_roxanne, uniq_josephine
D:15:     grunt_enter_depths_hoard, layout_irregular_city, serial_shops, shop,
          serial_column_ruins, column_ruins_open_medium,
          column_ruins_columns_straight, column_ruins_corridor_dead_end,
          column_ruins_grid_1, uniq_rupert
Temple:   dpeg_five_rooms_temple
Lair:1:   gammafunk_lair_enchanted_lake, layout_hall_layers,
          gauntlet_entry_generic, minmay_lair_oklob_chamber
Lair:2:   layout_layer_cave, minmay_another_anthill, grunt_megastairs_2,
          uniq_harold
Lair:3:   layout_regular_city, grunt_forest_stairs_basic,
          small_statue_intersection, wad_woods_road_02
Lair:4:   lemuel_reptile_caves, layout_gridlike, minmay_swamp_entry_swarm,
          minmay_snake_entry_six_corridors, cheibrodos_lair_lostbears
Lair:5:   statuecave_lemuel, layout_regular_city, nicolae_slime_entry_slimehenge
Lair:6:   wormcave, layout_cave_pods, guppyfry_lair_end_dragon,
          nicolae_quartered_pool_little, minivault_26
Swamp:1:  layout_basic_swamp, hangedman_swamp_pad, swamp_pool4,
          infiniplex_staircase_pool
Swamp:2:  gammafunk_its_a_trap, layout_basic_swamp, evilmike_swamp_ruin_house_5
Swamp:3:  layout_basic_swamp, evilmike_swamp_ruin_house_6, uniq_louise
Swamp:4:  swamp_vile, layout_basic_swamp
Snake:1:  layout_grid_maze, ebering_ghost_reflecting_pool
Snake:2:  layout_onion_interference, gammafunk_ghost_cemetery,
          minmay_snake_pond, uniq_donald
Snake:3:  layout_rooms, special_room, uniq_saint_roka
Snake:4:  snake_pit, layout_cave_town, basic_altar, serial_bayou_shore_b
Slime:1:  layout_caves
Orc:1:    layout_diamond_mine
Orc:2:    grunt_orc_gardens, layout_diamond_mine, grunt_orc_garden,
          grunt_orc_garden, grunt_orc_garden, grunt_orc_garden, serial_shops,
          nicolae_shop_trees, shop, nicolae_shop_overgrown_old_shop, shop,
          uniq_jorgrun
Vaults:1: nicolae_vaults_yaktaur_gun_rack, hangedman_vaults_hat,
          v_alt_pattern_4, vaults_room_grid, nicolae_vaults_border_crossing,
          nicolae_vaults_rhombus_5, nicolae_vaults_diagonal_hallway_9,
          vaults_room_grunt_arrival_checkpoint, layout_vaults_chaotic_city
Vaults:2: nicolae_vaults_murderbox, nicolae_vaults_stairing_the_circle,
          vaults_standard_mumra_x, nicolae_vaults_little_squares_4,
          grunt_vaults_hallway_long, nicolae_vaults_puzzle_piece,
          hangedman_vaults_variations, hangedman_vaults_locks, v_misc_22,
          hangedman_vaults_snaps, layout_vaults_maze
Vaults:3: vaults_mumra_hexcomb, minmay_crypt_entry_nasty_monster,
          vaults_room_pool, nicolae_vaults_network_square,
          nicolae_vaults_asterisk, ontoclasm_vaults_claustrophobia, v_misc_27,
          v_misc_30, nicolae_vaults_alarming, layout_vaults_quadrants,
          serial_shops, nicolae_shop_trees
Vaults:4: nicolae_vaults_network_quincunx
          [nicolae_vaults_network_quincunx_subvault,
          nicolae_vaults_network_quincunx_subvault,
          nicolae_vaults_network_quincunx_subvault,
          nicolae_vaults_network_quincunx_subvault,
          nicolae_vaults_network_quincunx_subvault], vaults_room_pools,
          nicolae_vaults_diagonal_hallway_9, vaults_room_grid, v_pattern_5,
          nicolae_vaults_octagons, nicolae_vaults_hallways_thing,
          hangedman_vaults_nodes, vaults_room_ringed_pool, v_misc_28, v_misc_2,
          vaults_room_semicircle, layout_vaults_omnibox, serial_shops,
          bzr_in_the_mist
Depths:1: layout_cave_shapes, abyss_entry, minmay_misc_feat_encased,
          hellmouth_1, lemuel_flamethrower_3, uniq_enchantress
Depths:2: cheibrodos_hall_of_evolution, layout_cave_pools, enter_ziggurat_e,
          grunt_pan_entry_in_and_out, minmay_misc_feat_rugged, abyss_entry,
          hangedman_tar_grid_catacomb, uniq_asterion, uniq_nikola

Skill      XL: |  1  2  3  4  5  6  7  8  9 10 11 12 13 14 15 16 17 18 19 20 21 22 |
---------------+-------------------------------------------------------------------+-----
Long Blades    | 3 4 5 6 7 9 10 11 12 13 14 15 16 17 | 17.0
Stealth        | 3 4 5 6 7 8 |  8.0
Fighting       | 4 5 6 7 8 9 10 | 10.0
Dodging        | 4 5 6 7 8 9 10 | 10.0
Charms         | 1 3 4 5 |  5.0
Spellcasting   | 1 3 4 5 6 7 10 12 13 14 | 14.0
Translocations | 1 3 |  3.6
Necromancy     | 2 4 5 6 7 |  7.0
Summonings     | 2 4 |  4.0
Ice Magic      | 2 4 6 8 9 10 11 | 11.0
Armour         | 4 5 7 8 11 12 | 12.0
Shields        | 4 |  4.0
Conjurations   | 2 4 6 8 |  8.0
Throwing       | 1 |  1.1
Invocations    | 3 5 |  5.0
Evocations     | 2 3 5 |  5.0
Air Magic      | 1 5 6 |  6.0
Fire Magic     | 4 7 12 14 16 18 | 18.6

Action                   |  1- 3 |  4- 6 |  7- 9 | 10-12 | 13-15 | 16-18 | 19-21 | 22-24 || total
-------------------------+-------+-------+-------+-------+-------+-------+-------+-------++-------
Melee: Short sword       |    76 |   117 |   471 |   147 |       |       |       |       ||   811
       Falchion          |    42 |    74 |       |   626 |  1660 |  2167 |  2735 |  1279 ||  8583
       Dagger            |       |     9 |       |       |       |       |       |       ||     9
       Punch             |       |       |     2 |       |       |       |     1 |       ||     3
       Unarmed           |       |       |       |       |     9 |       |       |       ||     9
       Triple sword      |       |       |       |       |       |       |    38 |     8 ||    46
Throw: Stone             |       |    11 |    10 |     3 |    19 |       |       |       ||    43
       Throwing net      |       |     2 |       |       |       |     2 |       |       ||     4
 Cast: Infusion          |       |       |     1 |       |       |       |       |     1 ||     2
       Summon Butterflie |       |       |       |    13 |     8 |     3 |    90 |    38 ||   152
       Regeneration      |       |       |       |    12 |     8 |    34 |    41 |    20 ||   115
       Shroud of Golubri |       |       |       |     6 |    10 |    20 |    30 |    17 ||    83
       Summon Ice Beast  |       |       |       |    30 |    61 |    66 |   149 |    39 ||   345
       Throw Frost       |       |       |       |    23 |    36 |    58 |    36 |    40 ||   193
       Blink             |       |       |       |     2 |     1 |     6 |     4 |     7 ||    20
       Song of Slaying   |       |       |       |       |     4 |     3 |     1 |       ||     8
       Simulacrum        |       |       |       |       |       |     5 |     9 |     6 ||    20
       Bolt of Cold      |       |       |       |       |       |     3 |       |     4 ||     7
       Freezing Cloud    |       |       |       |       |       |     1 |     2 |       ||     3
       Ignition          |       |       |       |       |       |       |     6 |     1 ||     7
       Iskenderun's Batt |       |       |       |       |       |       |       |    10 ||    10
Invok: Heroism           |       |       |     3 |     1 |    16 |    13 |    18 |     3 ||    54
       Finesse           |       |       |       |       |     4 |     4 |     8 |       ||    16
 Abil: Evoke Invisibilit |       |       |       |       |       |     1 |       |       ||     1
       Evoke Flight      |       |       |       |       |       |     8 |    22 |       ||    30
Evoke: Wand              |       |       |     6 |    26 |    27 |    17 |     6 |     4 ||    86
       Box of beasts     |       |       |       |       |     2 |       |     1 |       ||     3
       Lamp of fire      |       |       |       |       |       |       |     1 |     1 ||     2
  Use: Scroll            |       |     1 |    10 |    26 |    15 |     4 |    26 |     4 ||    86
       Potion            |       |       |     1 |     6 |     3 |     6 |    11 |     2 ||    29
 Stab: Sleeping          |     6 |     5 |    12 |    18 |    22 |    19 |    20 |     3 ||   105
       Held in net/web   |       |     1 |       |       |       |       |       |       ||     1
       Paralysed         |       |       |     1 |     6 |       |       |       |       ||     7
       Distracted        |       |       |     1 |     6 |     5 |    16 |    20 |    11 ||    59
  Eat: Chunk             |     3 |    13 |     6 |    23 |    35 |    15 |    37 |    16 ||   148
       Ration            |       |       |     2 |     7 |     5 |    13 |    11 |     5 ||    43
Armor: Leather armour    |    19 |       |       |       |       |       |       |       ||    19
       Ring mail         |    16 |    66 |   182 |   264 |   419 |   388 |   430 |    85 ||  1850
       Skin              |       |       |    23 |       |       |       |       |       ||    23
       Acid dragon scale |       |       |       |       |       |       |       |   188 ||   188
Dodge: Dodged            |    83 |   111 |   264 |   579 |  1006 |  1236 |  1746 |   868 ||  5893
Block: Buckler           |       |       |       |    46 |   596 |   767 |   774 |   334 ||  2517
       Reflection        |       |       |       |       |     3 |    95 |    26 |    12 ||   136
       Rpst.: Falchion   |    10 |     7 |       |   112 |   240 |   201 |   318 |   159 ||  1047
       Triple sword      |       |       |       |       |       |       |     9 |     1 ||    10

Table legend:
 A = Non-vault XP
 B = Vault XP
 C = Vault XP percentage of total XP
 D = Non-vault monster count
 E = Vault monster count
 F = Vault count percentage of total count
                 A         B        C        D         E       F
            +---------+---------+-------+---------+---------+-------
      Total |  392086 |  201322 |  33.9 |    1106 |     446 |  28.7
            +---------+---------+-------+---------+---------+-------
        D:1 |      38 |      18 |  32.1 |      18 |       5 |  21.7
        D:2 |      50 |       0 |   0.0 |      19 |       0 |   0.0
        D:3 |     116 |       0 |   0.0 |      25 |       0 |   0.0
        D:4 |     395 |       0 |   0.0 |      19 |       0 |   0.0
        D:5 |     694 |       0 |   0.0 |      24 |       0 |   0.0
        D:6 |    1041 |     110 |   9.6 |      29 |       1 |   3.3
        D:7 |     515 |    1679 |  76.5 |       9 |      13 |  59.1
        D:8 |    1229 |       0 |   0.0 |      26 |       0 |   0.0
        D:9 |    1332 |     165 |  11.0 |       8 |       2 |  20.0
       D:10 |    5356 |     566 |   9.6 |      34 |       7 |  17.1
       D:11 |    3159 |       0 |   0.0 |      20 |       0 |   0.0
       D:12 |    2378 |    1837 |  43.6 |      19 |       2 |   9.5
       D:13 |    7737 |       3 |   0.0 |      41 |       1 |   2.4
       D:14 |   10585 |    7740 |  42.2 |      31 |      13 |  29.5
       D:15 |   12065 |    6935 |  36.5 |      23 |       8 |  25.8
     Temple |      36 |       0 |   0.0 |       1 |       0 |   0.0
     Lair:1 |    1542 |    3054 |  66.4 |       7 |       8 |  53.3
     Lair:2 |    4404 |    2832 |  39.1 |      16 |      28 |  63.6
     Lair:3 |    7757 |     255 |   3.2 |      29 |       1 |   3.3
     Lair:4 |    8168 |    7550 |  48.0 |      36 |      53 |  59.6
     Lair:5 |    8248 |     178 |   2.1 |      32 |       5 |  13.5
     Lair:6 |    9171 |   10357 |  53.0 |      26 |      32 |  55.2
    Swamp:1 |   12499 |       0 |   0.0 |      32 |       0 |   0.0
    Swamp:2 |   15978 |       0 |   0.0 |      41 |       0 |   0.0
    Swamp:3 |    9215 |    1610 |  14.9 |      21 |       1 |   4.5
    Swamp:4 |    8105 |   16471 |  67.0 |      29 |      29 |  50.0
    Snake:1 |   12642 |       0 |   0.0 |      24 |       0 |   0.0
    Snake:2 |   27833 |     542 |   1.9 |      49 |       8 |  14.0
    Snake:3 |   17595 |    1453 |   7.6 |      42 |      11 |  20.8
    Snake:4 |   13725 |   30490 |  69.0 |      26 |      43 |  62.3
      Orc:1 |    3540 |    3373 |  48.8 |      46 |      10 |  17.9
      Orc:2 |    1390 |   11134 |  88.9 |      15 |      18 |  54.5
   Vaults:1 |   39540 |   12317 |  23.8 |      65 |      15 |  18.8
   Vaults:2 |   23090 |   19571 |  45.9 |      47 |      36 |  43.4
   Vaults:3 |   30361 |   12705 |  29.5 |      59 |      19 |  24.4
   Vaults:4 |   33877 |   32971 |  49.3 |      46 |      48 |  51.1
   Depths:1 |   46042 |    9813 |  17.6 |      61 |      11 |  15.3
   Depths:2 |   10638 |    5593 |  34.5 |      11 |      18 |  62.1
            +---------+---------+-------+---------+---------+-------
